 Dungeon Crawl Stone Soup version 0.15-a0-1766-g0ee8742 (webtiles) character file.

695 Charly the Insei (level 7, 0/48 HPs)
             Began as a Merfolk Transmuter on June 28, 2014.
             Was a Follower of Kikubaaqudgha.
             Splashed by a jelly's acid (3 damage)
             ... on Level 5 of the Dungeon.
             The game lasted 01:02:40 (5184 turns).

Charly the Insei (Merfolk Transmuter)               Turns: 5184, Time: 01:02:40

HP   0/48        AC  2     Str 11      XL: 7   Next: 64%
MP  11/12        EV 21     Int 14      God: Kikubaaqudgha [*.....]
Gold 172         SH  0     Dex 19      Spells:  4 memorised,  2 levels left

rFire  + . .     SeeInvis .       - Unarmed
rCold  . . .     Clarity  .     c - melded +1 robe (curse)
rNeg   . . .     rCorr    .     (shield currently unavailable)
rPois  x         rRot     .     (helmet currently unavailable)
rElec  .         Spirit   .     (cloak currently unavailable)
SustAb .         Warding  .     (gloves currently unavailable)
rMut   .         Stasis   .     (boots currently unavailable)
Gourm  .                        j - amulet of faith
MR     .....                    (no ring)
                                g - ring of protection from fire

@: spider-form, not resistant to hostile enchantments, unstealthy
A: (change form in water), (swift swim)
a: End Transformation, Receive Corpses, Renounce Religion


You were on level 5 of the Dungeon.
You worshipped Kikubaaqudgha.
Kikubaaqudgha was aware of your devotion.
You were hungry.
You were in spider-form.
You visited 2 branches of the dungeon, and saw 6 of its levels.

You collected 172 gold pieces.

Inventory:

Missiles
 n - 7 needles of confusion
 p - 6 javelins
 q - 18 poisoned needles
 t - a stone (quivered)
Armour
 c - a cursed +1 robe (melded)
Magical devices
 e - a wand of draining (3)
Comestibles
 a - 3 bread rations
Scrolls
 m - a scroll of enchant armour
 r - 3 scrolls of remove curse
 s - a scroll of amnesia
Jewellery
 g - a ring of protection from fire (left front leg)
 h - an uncursed ring of fire
 j - an amulet of faith (around neck)
Potions
 f - a potion of curing {unknown}
 i - a potion of brilliance
 k - a potion of haste {unknown}
 l - a potion of might
 o - a potion of restore abilities {unknown}
Books
 b - Kikubaaqudgha's Collected Works on Darkness
   (Kikubaaqudgha gifted it to you on level 4 of the Dungeon)

   Spells                             Type                      Level
   Pain                               Necromancy                   1
   *Corpse Rot                        Necromancy                   2
   Sublimation of Blood               Necromancy                   2
   Vampiric Draining                  Necromancy                   3
   Control Undead                     Necromancy                   4
 d - a book of Changes

   Spells                             Type                      Level
   *Beastly Appendage                 Transmutation                1
   *Sticks to Snakes                  Transmutation                2
   *Spider Form                       Transmutation/Poison         3
   Ice Form                           Ice/Transmutation            4
   Blade Hands                        Transmutation                5


   Skills:
 - Level 1.1 Fighting
 - Level 2.6 Dodging
 + Level 7.3 Unarmed Combat
 - Level 2.0 Spellcasting
 * Level 0.1 Necromancy
 + Level 6.2 Transmutations
 + Level 3.2 Poison Magic


You had 2 spell levels left.
You knew the following spells:

 Your Spells              Type           Power        Failure   Level  Hunger
b - Beastly Appendage     Trmt           ###...       8%          1    ##.....
r - Corpse Rot            Necr           N/A          56%         2    ###....
s - Sticks to Snakes      Trmt           ###.......   10%         2    ###....
S - Spider Form           Trmt/Pois      ##........   28%         3    ####...


Dungeon Overview and Level Annotations

Branches:
Dungeon (5/15)             Temple (1/1) D:4

Altars:
Dithmenos
Elyvilon
Gozag
Kikubaaqudgha
Makhleb
Nemelex Xobeh
Okawaru
Xom
Zin
The Shining One


Message History

The jelly hits you.
You are splashed with acid!
The acid burns!
* * * LOW HITPOINT WARNING * * *
There is a stone staircase leading up here.
Drink which item? (? for menu, Esc to quit)
Okay, then.
Read which item? (? for menu, Esc to quit)
Okay, then.
Evoke which item? (* to show all) (? for menu, Esc to quit)
Okay, then.
Drink which item? (? for menu, Esc to quit)
Okay, then.
Read which item? (? for menu, Esc to quit)
Okay, then.
You are feeling hungry.
You bite the jelly!
Your front legs burn!
* * * LOW HITPOINT WARNING * * *
The jelly is moderately wounded.
You hit the jelly.
Your front legs burn!
You die...
Kikubaaqudgha rasps: "You have failed me!
Welcome... death!"

.......##.#....#..####....
..........#..#............
(.##......................
..##..............########
..##..............#
..#######..#####.########
'## #......#........## .##
#.....###.#J........# ..#
#.....# #.#s........# #.#
#.....# #.#.........# #.##
#.....# #........>..# #..#
#.....# ##..........# ##.#
#.....####..........#
#.###...................#
#..# #+#...........####
##.## #.#...........# #..#
#.#...........#


You could see a jelly.

Vanquished Creatures
  3 jellies
  A giant frog skeleton (D:4)
  A hound (D:4)
  2 iguanas (D:4)
  An orc wizard (D:3)
  3 worker ants
  A mummy (D:5)
  11 adders
  9 gnolls
  2 shadow imps (D:5)
  A scorpion zombie (D:4)
  3 worms
  6 giant geckos
  An ooze (D:3)
  13 orcs
  6 ball pythons (D:2)
  12 bats
  3 giant cockroaches
  10 hobgoblins
  3 jackals
  A quokka (D:3)
  3 giant newts
  12 goblins
  9 kobolds
  A kobold skeleton (D:5)
  An orc skeleton (D:5)
  7 rats
126 creatures vanquished.

Vanquished Creatures (collateral kills)
  An adder (D:2)
  An orc (D:3)
  A ball python (D:2)
  2 goblins (D:3)
  A jackal (D:2)
  A rat (D:2)
7 creatures vanquished.

Grand Total: 133 creatures vanquished

Notes
Turn   | Place    | Note
--------------------------------------------------------------
     0 | D:1      | Charly, the Merfolk Transmuter, began the quest for the Orb.
     0 | D:1      | Reached XP level 1. HP: 15/15 MP: 3/3
   169 | D:1      | Reached XP level 2. HP: 19/21 MP: 2/4
   173 | D:1      | Learned a level 2 spell: Sticks to Snakes
   186 | D:1      | Reached skill level 4 in Unarmed Combat
   669 | D:2      | Reached XP level 3. HP: 26/26 MP: 6/6
   674 | D:2      | Learned a level 3 spell: Spider Form
  1455 | D:2      | Reached XP level 4. HP: 25/32 MP: 4/7
  1785 | D:3      | Reached skill level 5 in Unarmed Combat
  1791 | D:3      | Reached skill level 1 in Poison Magic
  1924 | D:3      | Reached XP level 5. HP: 16/37 MP: 1/9
  2370 | D:4      | Reached XP level 6. HP: 43/43 MP: 7/10
  2399 | D:4      | Reached skill level 5 in Transmutations
  2435 | D:4      | Reached skill level 6 in Unarmed Combat
  2830 | D:4      | Found a staircase to the Ecumenical Temple.
  2852 | Temple   | Entered the Ecumenical Temple
  2941 | Temple   | Became a worshipper of Kikubaaqudgha
  3692 | D:4      | Reached XP level 7. HP: 48/48 MP: 10/12
  3823 | D:5      | Entered Level 5 of the Dungeon
  4331 | D:4      | Acquired Kikubaaqudgha's first power
  4331 | D:4      | Received a gift from Kikubaaqudgha
  4332 | D:4      | Identified Kikubaaqudgha's Collected Works on Darkness (Kikubaaqudgha gifted it to you on level 4 of the Dungeon)
  4585 | D:5      | Found a sand-covered staircase.
  4594 | D:5      | Reached skill level 7 in Unarmed Combat
  4914 | D:4      | Learned a level 2 spell: Corpse Rot
  5184 | D:5      | Splashed by a jelly's acid

Action                   |  1- 3 |  4- 6 |  7- 9 || total
-------------------------+-------+-------+-------++-------
Melee: Unarmed           |    73 |   212 |    88 ||   373
Throw: Tomahawk          |    60 |    45 |     4 ||   109
       Stone             |       |       |     7 ||     7
       Javelin           |       |       |     2 ||     2
 Cast: Beastly Appendage |     7 |    11 |     4 ||    22
       Sticks to Snakes  |     5 |     6 |       ||    11
       Spider Form       |       |     4 |     8 ||    12
 Abil: End Transformatio |       |     1 |     1 ||     2
Evoke: Wand              |       |       |     1 ||     1
  Use: Scroll            |     4 |    10 |     2 ||    16
       Potion            |       |     3 |     2 ||     5
 Stab: Sleeping          |     1 |       |     1 ||     2
